 Dungeon Crawl Stone Soup version 0.21-a0-582-g1b93aee (webtiles) character file.

1346 Amnesiac the Slinger (level 8, -3/52 HPs)
             Began as a Halfling Fighter on Dec 19, 2017.
             Was an Initiate of Okawaru.
             Slain by Duvessa
             ... wielding a +0 short sword
              (9 damage)
             ... on level 5 of the Dungeon.
             The game lasted 00:07:38 (5552 turns).

Amnesiac the Slinger (Halfling Fighter)             Turns: 5552, Time: 00:07:39

Health: -3/52      AC:  7    Str: 19    XL:     8   Next: 94%
Magic:  8/8        EV: 11    Int:  4    God:    Okawaru [......]
Gold:   180        SH: 10    Dex: 14    Spells: 7/7 levels left

rFire    . . .     SeeInvis .   b - +2 dagger (venom)
rCold    . . .     Gourm    .   c - +0 shield
rNeg     . . .     Faith    .   i - +0 scale mail
rPois    .         Spirit   .   (no helmet)
rElec    .         Reflect  .   (no cloak)
rCorr    .         Harm     .   (no gloves)
MR       .....                  (no boots)
Stlth    ..........             (no amulet)
HPRegen  0.17/turn              (no ring)
MPRegen  0.11/turn              (no ring)

@: no status effects
A: small, dopey 1, mutation resistance 1
a: Renounce Religion


You were on level 5 of the Dungeon.
You worshipped Okawaru.
Okawaru was noncommittal.
You were near starving.

You visited 2 branches of the dungeon, and saw 7 of its levels.

You collected 180 gold pieces.

Inventory:

Hand Weapons
 a - a +0 hunting sling
 b - a +2 dagger of venom (weapon)
 e - a +0 rapier
 g - a +0 blowgun
 p - a +0 dagger of holy wrath
Missiles
 d - 4 tomahawks
 l - 158 stones (quivered)
 o - 29 sling bullets
 q - 7 curare-tipped needles
 r - 38 poisoned needles
Armour
 c - a +0 shield (worn)
 i - a +0 scale mail (worn)
Jewellery
 t - a +5 ring of intelligence {unknown}
 u - a +3 ring of intelligence {unknown}
Scrolls
 h - a scroll of immolation {!r, unknown}
 j - 8 scrolls of identify {!r, unknown}
 k - a scroll of remove curse {!r, unknown}
 n - 2 scrolls of teleportation {!r}
 s - a scroll of enchant armour {!r, unknown}
 x - a scroll of fear {!r, unknown}
Potions
 m - a potion of magic {!q, unknown}
 v - a potion of berserk rage {!q, unknown}
 w - a potion of haste {!q}
Comestibles
 f - 13 rations


   Skills:
 - Level 3.5 Fighting
 - Level 2.4 Short Blades
 * Level 11.9 Slings
 - Level 4.0 Armour
 - Level 4.0 Dodging
 - Level 4.0 Shields


You had 7 spell levels left.
You didn't know any spells.

Dungeon Overview and Level Annotations

Branches:
Dungeon (6/15)             Temple (1/1) D:5

Altars:
Dithmenos
Fedhas
Gozag
Makhleb
Okawaru
Qazlal
Ru
Sif Muna
Uskayaw
Vehumet
Xom
Yredelemnul
The Shining One

Annotations:
D:5 Duvessa


Innate Abilities, Weirdness & Mutations

You are small and have problems with some larger weapons.
You are somewhat resistant to further mutation.
You are dopey. (Int -2)


Message History

You hit Duvessa but do no damage.
Duvessa is lightly wounded.
Duvessa barely misses you.
You barely miss Duvessa.
Duvessa is lightly wounded.
Duvessa hits you with a short sword.
Dowan casts a spell.
Dowan blinks!
You closely miss Duvessa.
Duvessa is lightly wounded.
Duvessa hits you with a short sword!
You closely miss Duvessa.
Duvessa is lightly wounded.
Duvessa hits you but does no damage.
You hit Duvessa but do no damage.
Duvessa looks even sicker.
Duvessa is lightly wounded.
You block Duvessa's attack.
You hit Duvessa.
Duvessa is lightly wounded.
You block Duvessa's attack.
Dowan mumbles some strange words.
Dowan blinks!
You hit Duvessa but do no damage.
Duvessa is moderately wounded.
You block Duvessa's attack.
You hit Duvessa but do no damage.
Duvessa is moderately wounded.
Duvessa closely misses you.
You hit Duvessa but do no damage.
Duvessa is moderately wounded.
Okawaru accepts your kill.
Duvessa screams, "No!
How DARE you!"
Duvessa goes berserk!
You feel a bit more experienced. You block Duvessa's attack.
You hit Duvessa.
Duvessa is heavily wounded.
Duvessa hits you but does no damage.
You closely miss Duvessa.
Duvessa is heavily wounded.
Duvessa hits you with a short sword. Duvessa hits you with a short sword!
* * * LOW HITPOINT WARNING * * *
You barely miss Duvessa.
Duvessa is heavily wounded.
Duvessa misses you.
You hit Duvessa but do no damage.
Duvessa looks as sick as possible!
Duvessa is heavily wounded.
Duvessa closely misses you. Duvessa hits you with a short sword.
* * * LOW HITPOINT WARNING * * *
You are too injured to fight recklessly!
You are too injured to fight recklessly!
Okay, then.
You block Duvessa's attack.
You climb upwards.
There is a stone staircase leading down here.
Duvessa closely misses you.
You are near starving!
Duvessa barely misses you. Duvessa hits you with a short sword.
* * * LOW HITPOINT WARNING * * *
Duvessa hits you with a short sword!
* * * LOW HITPOINT WARNING * * *
Duvessa rages.
Duvessa hits you with a short sword!
You die...

#..## #..###............
##.## ##.## ##.......####
#..# #.## ##....(## # ##.#
#.# #.....### ### #.#
#.......# #.## #....#..# #..#
##..###### #..# ##...##
###############.@####.....##
.................e....###>.##
.################....##
##..## .# ###### ##..## .#
##..# .# ##.## .# ########..#
.# ##.........# .#
##..###....##


You could see Duvessa (berserk).

Vanquished Creatures
  Sigmund (D:2)
  An ice beast (D:4)
  3 phantoms
  An ogre (D:4)
  A centaur (D:4)
  A big kobold (D:4)
  A scorpion (D:5)
  Dowan (D:6)
  A crimson imp (D:5)
  A bullfrog zombie (D:5)
  An orc priest (D:4)
  A hound (D:5)
  2 orc wizards
  A centaur skeleton (D:4)
  3 worker ants (D:4)
  An iguana (D:5)
  Natasha (D:2)
  4 gnolls (D:4)
  3 adders
  4 oozes
  An adder skeleton (D:4)
  3 worms (D:3)
  4 dart slugs
  3 leopard geckos
  11 orcs
  3 giant cockroaches
  4 goblins (D:3)
  6 hobgoblins
  2 quokkas (D:3)
  2 ball pythons
  5 bats
  3 frilled lizards
  25 kobolds
  A quokka skeleton (D:5)
  7 rats
  A plant (D:4)
114 creatures vanquished.

Vanquished Creatures (others)
  A leopard gecko skeleton (D:4)
1 creature vanquished.

Grand Total: 115 creatures vanquished

Notes
Turn   | Place    | Note
-------+----------+-------------------------------------------
     0 | D:1      | Amnesiac the Halfling Fighter began the quest for the Orb.
     0 | D:1      | Reached XP level 1. HP: 15/15 MP: 1/1
   160 | D:1      | Reached skill level 1 in Dodging
   160 | D:1      | Reached XP level 2. HP: 14/20 MP: 2/2
   796 | D:1      | Reached XP level 3. HP: 25/25 MP: 3/3
  1093 | D:2      | Reached skill level 1 in Slings
  1094 | D:2      | Noticed Sigmund
  1199 | D:2      | Gained mutation: You are dopey. (Int -2) [potion of mutation]
  1203 | D:2      | Killed Sigmund
  1203 | D:2      | Reached skill level 5 in Slings
  1203 | D:2      | Reached XP level 4. HP: 20/30 MP: 4/4
  1203 | D:2      | Reached XP level 5. HP: 24/35 MP: 5/5
  1203 | D:2      | Reached XP level 6. HP: 28/41 MP: 6/6
  1412 | D:2      | Found an opulent altar of Gozag.
  1529 | D:2      | Found a stormy altar of Qazlal.
  1557 | D:2      | Noticed Natasha
  1566 | D:2      | Killed Natasha
  2590 | D:3      | Found a shadowy altar of Dithmenos.
  2674 | D:4      | Reached skill level 6 in Slings
  2726 | D:4      | Reached XP level 7. HP: 39/46 MP: 7/7
  3010 | D:4      | HP: 1/46 [orc priest/nerve-wracking pain (4)]
  3017 | D:4      | Reached skill level 7 in Slings
  3052 | D:4      | HP: 2/46 [gnoll/halberd (12)]
  3355 | D:4      | Found a blossoming altar of Fedhas.
  3393 | D:4      | Reached skill level 8 in Slings
  3456 | D:4      | Reached XP level 8. HP: 50/52 MP: 8/8
  3671 | D:4      | Reached skill level 9 in Slings
  4225 | D:5      | Entered Level 5 of the Dungeon
  4397 | D:5      | Found a sacrificial altar of Ru.
  4462 | D:5      | Found a radiant altar of Vehumet.
  4517 | D:4      | Reached skill level 10 in Slings
  4861 | D:5      | Reached skill level 11 in Slings
  5259 | D:5      | Found a staircase to the Ecumenical Temple.
  5322 | Temple   | Entered the Ecumenical Temple
  5457 | Temple   | Became a worshipper of Warmaster Okawaru
  5514 | D:6      | Noticed Dowan
  5517 | D:6      | Noticed Duvessa
  5537 | D:6      | Killed Dowan
  5552 | D:5      | Slain by Duvessa

Vault maps used:
D:1:      minmay_arrival_four_houses, minivault_26
D:2:      marbit_many_paths, nicolae_gozag_cash_rules_everything_around_me,
          uniq_sigmund, uniq_natasha
D:3:      grunt_dithmenos_smoke, first_ration
D:4:      kennysheep_kobold_camp, fedhas_altar_2
D:5:      overflow_temple_1_default, nicolae_overflow_crystal_walls,
          temple_green
D:6:      serial_shops, shop, uniq_prince_ribbit1, uniq_duvessa
Temple:   nicolae_temple_figure_eight

Skill      XL: |  1  2  3  4  5  6  7  8 |
---------------+-------------------------+-----
Dodging        | 1 2 4 |  4.0
Slings         | 5 6 8 11 | 11.9
Fighting       | 3 |  3.5
Shields        | 4 |  4.0
Armour         | 4 |  4.0
Short Blades   | |  2.4

Action                   |  1- 3 |  4- 6 |  7- 9 || total
-------------------------+-------+-------+-------++-------
Melee: Rapier            |   111 |    18 |       ||   129
       Dagger            |       |    47 |   245 ||   292
 Fire: Hunting sling     |     6 |    86 |    89 ||   181
Throw: Stone             |    37 |    49 |   114 ||   200
  Use: Potion            |     2 |     2 |     2 ||     6
       Scroll            |       |     1 |       ||     1
  Eat: Chunk             |     1 |     5 |     4 ||    10
       Ration            |       |       |     1 ||     1
Armor: Scale mail        |    32 |    21 |    47 ||   100
Dodge: Dodged            |    50 |    29 |    75 ||   154
Block: Shield            |    68 |    42 |    99 ||   209

Table legend:
 A = Spawn XP
 B = Non-spawn XP
 C = Spawn XP percentage of total XP
 D = Spawn monster count
 E = Non-spawn monster count
 F = Spawn count percentage of total count
 G = Total turns spent on level
                    A         B        C        D         E        F      G
               +---------+---------+-------+---------+---------+-------+---------
         Total |       0 |    1923 |   0.0 |       0 |     113 |   0.0 |  5552
               +---------+---------+-------+---------+---------+-------+---------
           D:1 |       0 |      37 |   0.0 |       0 |      18 |   0.0 |  1108
           D:2 |       0 |     287 |   0.0 |       0 |      10 |   0.0 |   478
           D:3 |       0 |     100 |   0.0 |       0 |      26 |   0.0 |  1056
           D:4 |       0 |    1032 |   0.0 |       0 |      46 |   0.0 |  1805
           D:5 |       0 |     400 |   0.0 |       0 |      12 |   0.0 |   927
           D:6 |       0 |      67 |   0.0 |       0 |       1 |   0.0 |    29
               +---------+---------+-------+---------+---------+-------+---------
